 Dungeon Crawl Stone Soup version 0.26.1-2-gb8aa6d0cf2 (webtiles) character file.

Game seed: 13243032513516789815

123 hobsini the Slasher (level 5, -3/39 HPs)
             Began as a Human Gladiator on Feb 13, 2021.
             Slain by Sigmund
             ... wielding a +0 scythe
              (4 damage)
             ... on level 3 of the Dungeon.
             The game lasted 00:21:16 (2035 turns).

hobsini the Slasher (Human Gladiator)               Turns: 2035, Time: 00:21:17

Health: -3/39      AC:  4    Str: 16      XL:     5   Next: 29%
Magic:  5/5        EV: 13    Int:  8      God:
Gold:   142        SH:  0    Dex: 11 (14) Spells: 4/4 levels left

rFire    . . .     SeeInvis .   a - +1 long sword
rCold    . . .     Faith    .   (no shield)
rNeg     . . .     Spirit   .   b - +0 leather armour
rPois    .         Reflect  .   c - +0 helmet
rElec    .         Harm     .   (no cloak)
rCorr    .         Rampage  .   (no gloves)
Will     .....                  (no boots)
Stlth    +.........             (no amulet)
HPRegen  0.13/turn              (no ring)
MPRegen  0.09/turn              (no ring)

@: no status effects
A: no striking features
a: no special abilities


You were on level 3 of the Dungeon.
You visited 1 branch of the dungeon, and saw 3 of its levels.

You collected 142 gold pieces.

Inventory:

Hand Weapons
 a - a +1 long sword (weapon)
 e - a +0 hand axe
 f - a +0 falchion
 h - a +0 short sword
 k - a +0 mace
 l - a +0 mace
 s - a +0 flail
 t - a cursed -1 rapier
Missiles
 d - 3 throwing nets (quivered)
Armour
 b - a +0 leather armour (worn)
 c - a +0 helmet (worn)
 m - a +0 leather armour
 n - a +0 leather armour
Jewellery
 g - an uncursed ring of willpower {unknown}
 i - an uncursed ring of ice
 q - an uncursed ring of protection from cold {unknown}
Scrolls
 j - a scroll of fog {unknown}
 o - a scroll of noise {unknown}
 p - a scroll of remove curse {unknown}
 r - a scroll of enchant weapon
 u - a scroll of teleportation {unknown}


   Skills:
 + Level 2.3 Fighting
 + Level 4.0 Long Blades
 + Level 2.2 Throwing
 + Level 2.2 Armour
 + Level 3.8 Dodging


You had 4 spell levels left.
You didn't know any spells.
Your spell library was empty.

Dungeon Overview and Level Annotations

Branches:
Dungeon (3/15)

Altars:
Cheibriados
Elyvilon
Ru

Annotations:
D:3 Sigmund


Message History

You hit the orc.
The orc is moderately wounded.
The orc closely misses you.
You riposte.
You hit the orc.
You kill the orc!
You slash the giant cockroach!
You kill the giant cockroach!
Something hits you.
* * * LOW HITPOINT WARNING * * *
The frilled lizard barely misses you.
Your Long Blades skill increases to level 4!
You barely miss the frilled lizard. Something hits you!
* * * LOW HITPOINT WARNING * * *
The frilled lizard barely misses you.
You riposte.
You slash the frilled lizard!
You kill the frilled lizard!
Things that are here:
a +0 short sword; an orc corpse You hit something.
Something barely misses you.
You hit something. Something hits you.
You die...

..........####.........#.....###
#....................###..(..#
.#........####.......# #.....#
..#.......# #.†.....# #.....#
≈.#.......#######.######...).####
.≈#.##..............$...........l
.≈#.##.###..............)....####
.≈#....###.######........#.......
≈.#..)...<......@........'.......
..#....###.######{.......#.......
.#.....# #.# #........#..$....
#......# #.# #........#.......
.......###.# ##########.......
.).(.......# ########
......###### ####### # ♣♣♣♣


There were no monsters in sight!

Vanquished Creatures
  A worker ant (D:2)
  3 adders (D:2)
  2 worms
  A dart slug (D:2)
  3 leopard geckos
  6 orcs (D:3)
  A ball python (D:3)
  7 bats
  A giant cockroach (D:3)
  4 goblins
  11 hobgoblins
  2 jackals (D:2)
  A quokka (D:2)
  3 frilled lizards
  2 kobolds
  8 rats
56 creatures vanquished.

Notes
Turn   | Place    | Note
-------+----------+-------------------------------------------
     0 | D:1      | hobsini the Human Gladiator began the quest for the Orb.
     0 | D:1      | Reached XP level 1. HP: 16/16 MP: 1/1
   172 | D:1      | Reached XP level 2. HP: 21/22 MP: 2/2
   933 | D:2      | Found a faded altar of an unknown god.
  1013 | D:2      | Reached XP level 3. HP: 17/27 MP: 3/3
  1356 | D:2      | Reached XP level 4. HP: 25/33 MP: 4/4
  1410 | D:2      | Reached skill level 1 in Armour
  1499 | D:2      | Found a white marble altar of Elyvilon.
  1704 | D:3      | Reached XP level 5. HP: 35/38 MP: 5/5
  1776 | D:3      | Found a sacrificial altar of Ru.
  1852 | D:3      | Found a snail-covered altar of Cheibriados.
  2009 | D:3      | Noticed Sigmund
  2032 | D:3      | Reached skill level 4 in Long Blades
  2032 | D:3      | HP: 1/39 [something (10)]
  2035 | D:3      | Slain by Sigmund

Illustrated notes

Levels and vault maps discovered:
D:1:      dpeg_arrival_solitude, layout_basic, serial_corexii_hall,
          corexii_hall_statues_t, corexii_hall_statues_i,
          minmay_strange_pillars, nrook_campfire, minmay_pentomino_v2
D:2:      layout_basic, chequers_ecumenical_altar_simple_redux, elyvilon_altar_5
D:3:      kb_forest_paths, layout_basic, nicolae_ru_awakened_eye,
          old_standard_altar, skrybe_limestone_x, uniq_sigmund

Skill      XL: |  1  2  3  4  5 |
---------------+----------------+-----
Armour         | 2 |  2.2
Long Blades    | 4 |  4.0
Fighting       | |  2.3
Throwing       | |  2.2
Dodging        | |  3.8

Action                   |  1- 3 |  4- 6 || total
-------------------------+-------+-------++-------
Melee: Long sword        |    73 |    99 ||   172
Throw: Throwing net      |     1 |       ||     1
  Use: Potion            |     1 |       ||     1
       Scroll            |       |     2 ||     2
Armor: Leather armour    |    24 |    21 ||    45
Dodge: Dodged            |    59 |    73 ||   132
       Rpst.: Long sword |    20 |    24 ||    44
